Map: Ultralove

Players

Elly - Winner!

  • Race: Zerg Zerg
  • League: Platinum
  • Spawn Location: 1:00

LigerMaNN

  • Race: Zerg Zerg
  • League: Diamond
  • Spawn Location: 7:00

VOD

Have the link to the VOD?

Description

Time

  • Played on: June 26, 2025, 4:16 a.m.
  • Length: 6:10
Show
View Real Time Build Order
Export as new Build Order

Elly Zerg - Winner!

Build Orders: Hatch First, Zergling Baneling 

Get SALT Encoding   

  12  0:00  Drone  
  13  0:12  Overlord  
  13  0:18  Drone  
  14  0:31  Drone x2  
  16  0:46  Hatchery  
  15  0:50  Drone  
  15  0:53  Drone  
  17  0:57  Drone  
  18  1:11  Spawning Pool  
  17  1:14  Extractor  
  16  1:18  Drone  
  16  1:19  Drone  
  18  1:28  Drone  
  19  1:45  Drone  
  20  1:51  Drone  
  21  1:57  Queen x2  
  21  1:59  Zergling x2  
  26  2:01  Overlord  
  26  2:10  Drone  
  27  2:17  Drone  
  28  2:23  Metabolic Boost  
  28  2:26  Drone x2  
  30  2:34  Hatchery  
  29  2:47  Overlord  
  29  2:49  Drone x3  
  32  2:54  Baneling Nest  
  32  2:58  Zergling x4  
  32  3:06  Zergling x2  
  32  3:07  Zergling x2  
  34  3:14  Zergling x4  
  34  3:15  Zergling x4  
  37  3:33  Zergling x4  
  39  3:41  Baneling x2  
  39  3:46  Zergling x16  
  41  4:07  Baneling x2  
  41  4:13  Baneling  
  41  4:15  Zergling x14  
  45  4:31  Baneling  
  45  4:32  Baneling  
  43  4:45  Drone x7  
  46  4:51  Baneling x3  
  47  5:04  Zergling x2  
  47  5:05  Zergling x8  
  48  5:08  Lair  
  48  5:12  Roach Warren  
  47  5:19  Queen  
  47  5:21  Drone  
  49  5:34  Drone  
  49  5:35  Overlord  
  49  5:36  Overlord  
  49  5:37  Overlord x2  
  49  5:41  Extractor  
  49  5:42  Extractor  
  47  5:43  Extractor  
  47  5:48  Baneling x2  
Show
View Real Time Build Order
Export as new Build Order

LigerMaNN Zerg 

Build Orders: Hatch First, Zergling Baneling 

Get SALT Encoding   

  12  0:01  Drone  
  13  0:13  Overlord  
  13  0:16  Drone  
  14  0:33  Drone x2  
  16  0:35  Drone  
  17  0:53  Hatchery  
  17  0:55  Drone  
  17  0:57  Drone  
  18  1:08  Extractor  
  17  1:12  Spawning Pool  
  17  1:15  Drone  
  17  1:18  Drone  
  18  1:29  Drone  
  19  1:39  Drone  
  20  1:50  Drone  
  21  2:08  Overlord  
  21  2:09  Zergling x2  
  21  2:15  Metabolic Boost  
  22  2:17  Queen x2  
  22  2:18  Zergling x4  
  28  2:29  Hatchery  
  27  2:32  Drone  
  27  2:34  Drone  
  29  2:49  Baneling Nest  
  28  3:00  Zergling x12  
  34  3:11  Overlord  
  32  3:32  Zergling x4  
  32  3:33  Zergling x14  
  41  3:42  Baneling x2  
  34  4:15  Zergling x28  
  48  4:20  Baneling x5  
  48  4:22  Baneling  
  48  4:23  Baneling  
  42  4:36  Queen  
  32  5:08  Drone x12  
Tags
 
Add a new tag
Caveats
  • Supply blocks, unpowered buildings, or Contaminate may cause inaccurate times.
  • Supply counts are checked every 10 seconds.